 Dungeon Crawl Stone Soup version 0.31-a0-115-g4708a659fe (console) character file.

Game seed: 15553409508021927660

1379 Ignak the Ogre Mage (level 8, 0/74 (80) HPs)
             Began as an Ogre Hedge Wizard on May 29, 2023.
             Slain by a wight
             ... wielding a +5 falchion
              (13 damage)
             ... on level 4 of the Dungeon.
             The game lasted 00:14:52 (5404 turns).

Ignak the Ogre Mage (Ogre Hedge Wizard)             Turns: 5404, Time: 00:14:53

HP:   0/74 (80)     AC:  5    Str: 15    XL:     8   Next: 66%
MP:   16/16         EV: 10    Int: 17    God:
Gold: 310           SH:  0    Dex:  8    Spells: 4/18 levels left

rFire   . . .        r - +5 quarterstaff (chaos)
rCold   . . .        (shield currently unavailable)
rNeg    . . .        C - +1 robe {Archmagi}
rPois   .            c - +0 hat
rElec   .            s - +0 cloak
rCorr   .            (gloves unavailable)
SInv    .            (boots unavailable)
Will    .....        (no amulet)
Stlth   +            (no ring)
HPRegen 0.32/turn    (no ring)
MPRegen 0.15/turn

%: archmagi
@: drained
A: large, unfitting armour, tough skin 1
a: no special abilities


You were on level 4 of the Dungeon.
You visited 1 branch of the dungeon, and saw 8 of its levels.

You collected 310 gold pieces.

Inventory:

Hand Weapons
 g - a +0 club
 j - a +0 hand axe
 r - a +5 quarterstaff of chaos (weapon)
 B - a +0 flail of venom
Missiles
 k - 6 poisoned darts (quivered)
 n - 6 atropa-tipped darts
 w - a silver boomerang
Armour
 c - a +0 hat (worn)
 s - a +0 cloak (worn)
 C - a +1 robe of the Archmagi (worn)
Magical Staves
 i - a staff of conjuration
Jewellery
 b - an amulet of faith
 t - a ring of ice
Wands
 v - a wand of roots (2)
 D - a wand of light (10)
Scrolls
 a - a scroll of summoning {unknown}
 f - a scroll of teleportation
 h - a scroll of blinking {unknown}
 l - 2 scrolls of magic mapping
 m - a scroll of enchant weapon
 p - a scroll of enchant armour {unknown}
 q - a scroll of torment {unknown}
 x - a scroll of vulnerability {unknown}
 y - a scroll of amnesia {unknown}
 z - a scroll of fear {unknown}
 F - a scroll of immolation {unknown}
Potions
 d - a potion of degeneration {unknown}
 e - a potion of curing {unknown}
 o - 2 potions of mutation {unknown}
 u - a potion of brilliance {unknown}
 A - a potion of resistance
 E - a potion of magic
 G - a potion of attraction {unknown}


   Skills:
 + Level 5.3 Fighting
 + Level 3.8 Axes
 + Level 4.2 Dodging
 - Level 1.4 Stealth
 + Level 5.9 Spellcasting
 - Level 3.0 Conjurations
 - Level 1.0 Summonings
 - Level 3.0 Translocations
 + Level 1.9 Air Magic
 + Level 1.8 Poison Magic


You had 4 spell levels left.
You knew the following spells:

 Your Spells              Type           Power      Damage    Failure   Level
a - Magic Dart            Conj           88%        1d7       3%          1
b - Blink                 Tloc           44%        N/A       6%          2
c - Scorch                Fire           14%        2d5       21%         2
d - Mephitic Cloud        Conj/Pois/Air  19%        N/A       16%         3
e - Call Imp              Summ           24%        N/A       13%         2
f - Flame Wave            Conj/Fire      15%        2d7       56%         4

Your spell library contained the following spells:

 Spells                   Type           Power      Damage    Failure   Level
 Cigotuvi's Dreadful Rot  Necr/Pois/Air  28%        N/A       12%         2
 Slow                     Hex            28%        N/A       13%         1
 Summon Cactus Giant      Summ           6%         N/A       100%        6


Dungeon Overview and Level Annotations

Branches:
Dungeon (8/15)
 Temple: D:4-7         Lair: D:8-11

Altars:
Ashenzari
Cheibriados
Fedhas
Qazlal


Innate Abilities, Weirdness & Mutations

You are too large for most types of armour.
You have tough skin. (AC +1)


Message History

The gnoll misses you. The gnoll hits you with a +0 club.
The gnoll attacks as you move away! The gnoll hits you with a +0 club.
You see here a jackal corpse.
An orc comes into view. It is wielding a +0 mace.
There is a stone staircase leading up here.
The gnoll hits you but does no damage.
You climb upwards.
There is a stone staircase leading down here.
You barely miss the gnoll.
The gnoll is heavily wounded.
The gnoll is no longer moving quickly.
The gnoll hits you but does no damage. The gnoll closely misses you.
You thump the gnoll!
You kill the gnoll!
You see here a +0 club.
You start resting.
HP restored.
You see here a +0 club.
There is a stone staircase leading down here.
You climb downwards.
The wight barely misses you. The wight hits you with a +5 falchion.
You feel drained.
The gnoll hits you from afar with a +0 spear.
There is a stone staircase leading up, spattered with blood here.
Unknown command.
The wight closely misses you.
The gnoll hits you from afar with a +0 spear!
You climb upwards.
There is a stone staircase leading down here.
You closely miss the wight. The wight hits you with a +5 falchion!
You barely miss the wight. The wight hits you with a +5 falchion!
You feel drained.
You hit the wight but do no damage.
The wight seems to speed up.
The wight hits you with a +5 falchion. x2
You closely miss the wight. The wight hits you with a +5 falchion!
You feel drained. The wight hits you with a +5 falchion!
* * * LOW HITPOINT WARNING * * *
You feel drained.
* * * LOW HITPOINT WARNING * * *
You barely miss the wight. The wight hits you with a +5 falchion!
You die...

#...#....># #..................
#...#.....####..................
#...#...................########
#...#......).....)......#.......
#...#............<......#.......
#...#.........#'####....######'#
#...#.....#####....#............
#...#.....#........#.)..........
#...'.....+....@z..#............
#...#.....##+####..#.......)....
#...#.....#..####..#####......##
#...#.....'........# #......#
#...#.....#........# #......#
#####.....########## #......#
####### ########


You could see a wight (fast).

Vanquished Creatures
  Sigmund (D:5)
  A water moccasin (D:6)
  A black bear (D:5)
  A bullfrog (D:5)
  A gnoll sergeant (D:5)
  3 scorpions
  Crazy Yiuf (D:3)
  A hound (D:4)
  A gnoll bouda (D:5)
  An orc priest (D:7)
  2 iguanas
  Ijyb (D:4)
  Terence (D:3)
  Natasha (thrice) (D:3)
  5 orc wizards
  Robin (D:3)
  6 gnolls
  4 adders
  2 white imps
  A worm (D:4)
  3 dart slugs
  20 orcs
  10 ball pythons
  7 bats
  3 endoplasms
  A giant cockroach (D:4)
  12 goblins
  6 hobgoblins
  4 jackals (D:5)
  10 kobolds
  5 quokkas
  4 frilled lizards
  5 rats
128 creatures vanquished.

Vanquished Creatures (collateral kills)
  An orc wizard (D:4)
  A gnoll (D:5)
  3 adders
  A worm (D:2)
  2 orcs
  2 frilled lizards
10 creatures vanquished.

Grand Total: 138 creatures vanquished

Notes
Turn   | Place    | Note
-------+----------+-------------------------------------------
     0 | D:1      | Ignak the Ogre Hedge Wizard began the quest for the Orb.
     0 | D:1      | Reached XP level 1. HP: 16/16 MP: 5/5
    62 | D:1      | Reached skill level 1 in Translocations
    64 | D:1      | Reached skill level 1 in Conjurations
    64 | D:1      | Reached skill level 1 in Summonings
   142 | D:1      | Reached XP level 2. HP: 13/24 MP: 6/6
   146 | D:1      | Learned a level 2 spell: Blink
   149 | D:1      | Learned a level 2 spell: Call Imp
   550 | D:1      | Reached skill level 1 in Fighting
  1007 | D:2      | Reached XP level 3. HP: 28/33 MP: 0/8
  1644 | D:2      | Learned a level 3 spell: Mephitic Cloud
  1665 | D:2      | Reached XP level 4. HP: 41/41 MP: 1/10
  2283 | D:3      | Found a broken altar of Ashenzari.
  2364 | D:3      | Found a runed translucent door.
  2365 | D:3      | Noticed Crazy Yiuf
  2384 | D:3      | Killed Crazy Yiuf
  2385 | D:3      | Reached skill level 1 in Axes
  2508 | D:3      | Reached XP level 5. HP: 44/49 MP: 11/11
  2621 | D:3      | Noticed Natasha
  2633 | D:3      | Killed Natasha
  2653 | D:3      | Noticed Natasha
  2659 | D:3      | Killed Natasha
  2663 | D:3      | Found a snail-covered altar of Cheibriados.
  2663 | D:3      | Noticed Robin
  2669 | D:3      | Killed Robin
  2777 | D:3      | Found a blossoming altar of Fedhas.
  2832 | D:3      | Noticed Terence
  2891 | D:3      | Killed Terence
  2892 | D:3      | Reached XP level 6. HP: 36/59 MP: 3/12
  3091 | D:3      | Noticed Natasha
  3098 | D:3      | Killed Natasha
  3300 | D:4      | Noticed Ijyb
  3303 | D:4      | You fall into a shaft and drop 3 floors!
  3595 | D:6      | Reached XP level 7. HP: 49/67 MP: 10/14
  3689 | D:6      | Reached skill level 5 in Spellcasting
  3786 | D:5      | Entered Level 5 of the Dungeon
  3871 | D:5      | Noticed Sigmund
  3889 | D:5      | Killed Sigmund
  3998 | D:5      | Reached XP level 8. HP: 32/79 MP: 11/16
  4137 | D:5      | Reached skill level 1 in Air Magic
  4137 | D:5      | Reached skill level 1 in Poison Magic
  4329 | D:5      | Learned a level 2 spell: Scorch
  4334 | D:5      | Learned a level 4 spell: Flame Wave
  4432 | D:4      | Reached skill level 5 in Fighting
  4460 | D:4      | Killed Ijyb
  4569 | D:4      | Found a stormy altar of Qazlal.
  5228 | D:4      | Identified the +7 short sword of Joyful Slaughter {heavy,
                  | rN+}
  5404 | D:4      | Slain by a wight

Illustrated notes

Levels and vault maps discovered:
D:1:      wander_arrival_lonely_grave, layout_loops_ring
D:2:      layout_loops_ring, corexii_leaking_fountain, chequers_hall_statues_y,
          nicolae_hexahallways, kennysheep_nondescript, supply_closet_lemuel
D:3:      layout_basic, mainiacjoe_overflow_24_doors, kennysheep_slug_shrine,
          cheibrodos_ashenzari_chains, ebering_dispersal_statue_hall,
          uniq_terence, uniq_crazy_yiuf_cottage, uniq_natasha, uniq_robin
D:4:      layout_gridville, kennysheep_little_box, kennysheep_another_room,
          uniq_ijyb
D:5:      lemuel_castle_with_subvaults [lemuel_castle_interior_original],
          layout_basic, mainiacjoe_overflow_alcove_4, amethyst_killhole,
          uniq_prince_ribbit1, uniq_grinder, uniq_sigmund
D:6:      layout_basic, mainiacjoe_overflow_cross_hatched
D:7:      layout_basic, grunt_temple_overflow_opulence,
          minmay_temple_entry_butterflies, uniq_menkaure
D:8:      layout_cave_pools, chequers_temple_overflow_statue_of_worship,
          dpeg_lair_monsters, serial_bayou, serial_bayou_pond_a,
          serial_bayou_pond_b, serial_bayou_shore_a, serial_bayou_crossing

Skill      XL: |  1  2  3  4  5  6  7  8 |
---------------+-------------------------+-----
Translocations | 1 2 3 |  3.0
Conjurations   | 1 2 3 |  3.0
Summonings     | 1 |  1.0
Dodging        | 2 3 4 |  4.2
Fighting       | 1 2 3 4 5 |  5.3
Spellcasting   | 4 5 |  5.9
Axes           | 1 2 3 |  3.8
Air Magic      | 1 |  1.9
Poison Magic   | 1 |  1.8
Stealth        | |  1.4

Action                     |  1- 3 |  4- 6 |  7- 9 || total
---------------------------+-------+-------+-------++-------
  Melee: Dagger            |    36 |       |       ||    36
         Staff             |    62 |    10 |       ||    72
         Quarterstaff      |       |   101 |   134 ||   235
  Throw: Dart              |     5 |       |       ||     5
   Cast: Magic Dart        |    53 |    14 |       ||    67
         Call Imp          |     7 |     8 |     9 ||    24
         Mephitic Cloud    |       |     8 |     6 ||    14
         Blink             |       |     3 |       ||     3
    Use: Scroll            |     1 |     2 |       ||     3
         Potion            |       |     1 |       ||     1
   Stab: Confused          |       |     1 |     2 ||     3
         Paralysed         |       |     1 |       ||     1
         Sleeping          |       |     1 |     1 ||     2
         Petrified         |       |       |     2 ||     2
         Petrifying        |       |       |     1 ||     1
 Armour: Robe              |    53 |    29 |    45 ||   127
  Dodge: Dodged            |    84 |    70 |    95 ||   249

Table legend: (Time is in decaauts)
 A = Elapsed time spent in this place.
 B = Non-inter-level travel time spent in this place.
 C = Inter-level travel time spent in this place.
 D = Time resting spent in this place.
 E = Time spent auto-exploring this place.
 F = Levels seen in this place.
 G = Mean time per level.
                   A        B        C        D        E       F      G
               +--------+--------+--------+--------+--------+-----+--------+
         Total |   5511 |   5449 |     62 |    684 |   3123 |   8 |  688.9 |
       Dungeon |   5511 |   5449 |     62 |    684 |   3123 |   8 |  688.9 |
               +--------+--------+--------+--------+--------+-----+--------+

Top non-repeatable levels by time:
     D:2: 1331 daAuts
     D:4: 1140 daAuts
     D:1: 964 daAuts
     D:3: 898 daAuts
     D:5: 679 daAuts
     D:8: 182 daAuts
     D:6: 180 daAuts
     D:7: 132 daAuts
